 Dungeon Crawl Stone Soup version 0.20.0-10-g0535bb4 (webtiles) character file.

27 Hook the Ruffian (level 2, -4/26 HPs)
             Began as a Troll Transmuter on June 6, 2017.
             Slain by a gnoll
             ... wielding a +0 halberd
              (16 damage)
             ... on level 2 of the Dungeon.
             The game lasted 00:02:44 (1059 turns).

Hook the Ruffian (Troll Transmuter)                 Turns: 1059, Time: 00:02:45

Health: -4/26      AC:  7    Str: 17    XL:     2   Next: 93%
Magic:  3/3        EV:  5    Int:  9    God:
Gold:   61         SH:  0    Dex: 10    Spells: 0/3 levels left

rFire    . . .     SeeInvis .     - Unarmed
rCold    . . .     Gourm    +   (no shield)
rNeg     . . .     Faith    .   k - +0 robe (curse)
rPois    .         Spirit   .   (helmet restricted)
rElec    .         Reflect  +   e - +1 cloak
rCorr    .         Harm     .   (gloves unavailable)
MR       .....                  (boots unavailable)
Stlth    +.........             h - +3 amulet of reflection
Regen    0.5/turn               (no ring)
MPRegen  0.1/turn               (no ring)

@: held
A: unfitting armour, claws 3, fast metabolism 3, gourmand, regeneration 1,
shaggy fur 1, tough skin 2
a: no special abilities


You were on level 2 of the Dungeon.
You were very full.

You visited 1 branch of the dungeon, and saw 2 of its levels.

You collected 61 gold pieces.

Inventory:

Missiles
 a - 40 arrows
Armour
 b - a +0 robe
 e - a +1 cloak (worn)
 k - a cursed +0 robe (worn)
Jewellery
 h - a +3 amulet of reflection (around neck)
 j - an uncursed amulet of harm {unknown}
Potions
 f - a potion of brilliance {unknown}
 i - a potion of flight {unknown}
 l - 2 potions of haste {unknown}
Books
 c - a book of Changes

   Spells                             Type                      Level
   a - Beastly Appendage              Transmutation                1
   b - Sticks to Snakes               Transmutation                2
   c - Spider Form                    Transmutation/Poison         3
   d - Ice Form                       Ice/Transmutation            4
   e - Blade Hands                    Transmutation                5
Comestibles
 d - 2 bread rations
 g - a royal jelly


   Skills:
 * Level 0.8 Fighting
 + Level 1.7 Dodging
 * Level 3.6 Unarmed Combat
 * Level 1.3 Spellcasting
 * Level 1.7 Transmutations


You couldn't memorise any spells.
You knew the following spells:

 Your Spells              Type           Power        Failure   Level  Hunger
a - Beastly Appendage     Tmut           #.....       17%         1    ##.....
b - Sticks to Snakes      Tmut           #.......     26%         2    ###....


Dungeon Overview and Level Annotations

Branches:
Dungeon (2/15)

Altars:


Innate Abilities, Weirdness & Mutations

You are too large for most types of armour.
You have claws for hands.
Your metabolism is lightning-fast.
You like to eat raw meat.
Your natural rate of healing is unusually fast.
You are covered in fur. (AC +1)
You have very tough skin. (AC +2)


Message History

Done exploring.
Done exploring.
There is an escape hatch in the floor here.
There is a stone staircase leading down here.
You climb downwards. 3 gnolls come into view.
The gnoll shouts! x3
Found a long sword, 19 stones and a mace.
Found a stone staircase leading down.
There is a stone staircase leading up here.
The gnoll throws a throwing net.
The throwing net hits you.
You become entangled in the net!
You stop ascending the stairs.
Unknown command.
You can't do that while held in a net.
There are monsters nearby!
The gnoll hits you from afar with a halberd. x2
The gnoll hits you from afar with a spear.
The gnoll hits you from afar with a halberd!
Ouch! That really hurt!
You die...

. . .)
..##########...
......(...>....
...............
.........g.....
.......@.g..#
......)..g..+
............#
##..........#
#..........#
#..........#
#..........#
#..........#


You could see 3 gnolls.

Vanquished Creatures
  An ooze (D:1)
  A leopard gecko (D:1)
  A giant cockroach (D:1)
  A goblin (D:1)
  2 hobgoblins (D:1)
  4 jackals (D:1)
  A kobold (D:1)
  2 ball pythons (D:1)
  3 bats (D:1)
  2 frilled lizards (D:1)
  2 rats (D:1)
20 creatures vanquished.

Notes
Turn   | Place    | Note
-------+----------+-------------------------------------------
     0 | D:1      | Hook the Troll Transmuter began the quest for the Orb.
     0 | D:1      | Reached XP level 1. HP: 18/18 MP: 1/1
   131 | D:1      | Reached XP level 2. HP: 25/26 MP: 0/3
   423 | D:1      | Learned a level 2 spell: Sticks to Snakes
  1059 | D:2      | Slain by a gnoll

Action                   || total
-------------------------++-------
Melee: Unarmed           ||    59
       Headbutt          ||     1
 Cast: Beastly Appendage ||     3
  Use: Scroll            ||     1
  Eat: Chunk             ||    13
Armor: Robe              ||    29
Dodge: Dodged            ||    33
Block: Other             ||     1
